 Dungeon Crawl Stone Soup version 0.32-a0-931-g5a2cda0630 (webtiles) character file.

Game seed: 11149698725195455938

102 senseless the Caller (level 4, -2/25 HPs)
             Began as a Deep Elf Summoner on Apr 13, 2024.
             Slain by an orc
             ... wielding a +0 flail
              (7 damage)
             ... on level 3 of the Dungeon.
             The game lasted 00:08:00 (2234 turns).

senseless the Caller (Deep Elf Summoner)            Turns: 2234, Time: 00:08:01

Health: -2/25      AC:  2    Str:  5    XL:     4   Next: 49%
Magic:  6/12       EV: 12    Int: 22    God:
Gold:   79         SH:  0    Dex: 15    Spells: 5/11 levels left

rFire   . . .        s - +3 dagger (holy)
rCold   . . .        (no shield)
rNeg    . . .        a - +0 robe
rPois   .            (no helmet)
rElec   .            (no cloak)
rCorr   .            (no gloves)
SInv    .            (no boots)
Will    .....        (no amulet)
Stlth   ++           (no ring)
HPRegen 0.24/turn    (no ring)
MPRegen 0.13/turn

%: no passive effects
@: inugami summoned
A: no striking features
a: Convert to Beogh


You were on level 3 of the Dungeon.
You visited 1 branch of the dungeon, and saw 3 of its levels.

You collected 79 gold pieces.

Inventory:

Hand Weapons
 e - a +0 dagger
 o - a +0 sling
 s - a +3 dagger of holy wrath (weapon)
Armour
 a - a +0 robe (worn)
 q - +0 gold dragon scales
Scrolls
 c - 4 scrolls of identify {unknown}
 f - a scroll of enchant armour {unknown}
 h - a scroll of vulnerability {unknown}
 l - a scroll of revelation {unknown}
 m - a scroll of immolation {unknown}
 n - a scroll of teleportation {unknown}
 r - a scroll of poison {unknown}
 u - a scroll of enchant weapon {unknown}
Potions
 b - a potion of magic
 d - a potion of might {unknown}
 g - a potion of heal wounds {unknown}
 i - a potion of attraction {unknown}
 j - a potion of curing {unknown}
 k - a potion of mutation {unknown}
 p - a potion of lignification {unknown}
 t - 2 potions of degeneration {unknown}


   Skills:
 + Level 1.5 Fighting
 + Level 3.5 Dodging
 - Level 2.4 Stealth
 + Level 4.0 Spellcasting
 + Level 5.0 Summonings


You had 5 spell levels left.
You knew the following spells:

 Your Spells              Type           Power      Damage    Failure   Level
a - Summon Small Mammal   Summ           100%       N/A       1%          1
b - Call Imp              Summ           52%        N/A       2%          2
c - Call Canine Familiar  Summ           26%        N/A       4%          3

Your spell library contained the following spells:

 Spells                   Type           Power      Damage    Failure   Level
 Ensorcelled Hibernation  Hex/Ice        8%         N/A       17%         2
 Passwall                 Erth           4%         N/A       32%         3
 Swiftness                Air            4%         N/A       32%         3
 Summon Blazeheart Golem  Fire/Summ      15%        N/A       36%         4
 Summon Lightning Spire   Summ/Air       15%        N/A       36%         4
 Animate Dead             Necr           4%         N/A       73%         4
 Borgnjor's Vile Clutch   Necr/Erth      2%         N/A       97%         5
 Death Channel            Necr           2%         N/A       100%        6


Dungeon Overview and Level Annotations

Branches:
Dungeon (3/15)

Altars:


Message History

The orc priest calls down the wrath of Beogh upon you.
Beogh smites you!
Ouch! That really hurt!
The orc priest threatens, "Beogh's wrath is as vast as their mercy.
Make your choice!" (press Y on the ability menu to convert to Beogh)
You hit the orc.
You kill the orc!
The orc closely misses your inugami.
Your inugami misses the orc.
The orc priest shouts, "The Pantheon deserves no one's loyalty.
Let us show you the true path!"
Your quokka closely misses the orc.
The orc hits your inugami but does no damage.
The orc priest barely misses your quokka.
Your inugami barely misses the orc.
Your quokka bites the orc but does no damage.
Your quokka barely misses the orc priest.
The orc barely misses your inugami.
The orc priest invokes the aid of Beogh against you.
Your quokka barely resists.
Your quokka bites the orc priest. x2; Your inugami hits the orc.
The orc hits your inugami but does no damage.
The orc priest hits your quokka with a +0 flail.
Your quokka completely misses the orc priest. x2
Your inugami hits the orc!
The orc dies!
The orc priest threatens, "Beogh's wrath is as vast as their mercy.
Make your choice!"
You hit the orc but do no damage.
Your quokka barely misses the orc priest.
The orc hits you with a +0 flail!
* * * LOW HITPOINT WARNING * * *
The orc priest looks braver for a moment.
Your quokka barely misses the orc priest.
Casting: Summon Small Mammal (safe; 1% risk of failure)
Confirm with . or Enter, or press ? or * to list all spells.
A tiny devil pulls itself out of the air.
The orc priest shouts, "The Pantheon deserves no one's loyalty.
Let us show you the true path!"
Your quokka closely misses the orc priest.
Your quokka bites the orc priest.
The orc priest casts a cantrip, but nothing happens.
The orc hits you with a +0 flail!
You die...

.. #......# #.# #.####.#
#.####.####.#
####....#.#....######
###.........#.###......
..............<........
##............##......
..#.....................
......o@†...######......
......5.....# #......
.#.......#..... ........
....hr...#..####........
....or.###.... #........
....... >.... ......
....... .... ......
..!.... ...... ......


You could see an orc priest (ally target), an orc (ally target), a friendly
cerulean imp (summoned), 2 friendly quokkas and a friendly inugami (summoned).

Vanquished Creatures
  An orc (D:3)
  A ball python (D:1)
  2 bats
  2 giant cockroaches
  A hobgoblin (D:1)
  A quokka (D:3)
  A rat (D:1)
9 creatures vanquished.

Vanquished Creatures (collateral kills)
  A hound (D:3)
  2 adders (D:3)
  A ribbon worm (D:3)
  An orc (D:3)
  4 bats
  2 endoplasms (D:1)
  A giant cockroach (D:1)
  3 goblins
  5 hobgoblins
  2 jackals (D:1)
  4 kobolds (D:1)
  2 quokkas
  2 ball pythons
  3 rats
33 creatures vanquished.

Grand Total: 42 creatures vanquished

Notes
Turn   | Place    | Note
-------+----------+-------------------------------------------
     0 | D:1      | senseless the Deep Elf Summoner began the quest for the
                  | Orb.
     0 | D:1      | Reached XP level 1. HP: 10/10 MP: 6/6
   220 | D:1      | Reached XP level 2. HP: 14/16 MP: 5/8
   226 | D:1      | Learned a level 2 spell: Call Imp
  1184 | D:2      | Reached skill level 1 in Fighting
  1184 | D:2      | Reached XP level 3. HP: 20/20 MP: 5/10
  1198 | D:2      | Learned a level 3 spell: Call Canine Familiar
  1971 | D:3      | Reached skill level 5 in Summonings
  1971 | D:3      | Reached XP level 4. HP: 24/25 MP: 6/12
  2234 | D:3      | Slain by an orc

Illustrated notes

Levels and vault maps discovered:
D:1:      amcnicky_arrival_double_pillar, layout_basic
D:2:      layout_loops_ring
D:3:      layout_basic, uniq_jessica

Skill      XL: |  1  2  3 |
---------------+----------+-----
Dodging        | 3 |  3.5
Fighting       | 1 |  1.5
Spellcasting   | 4 |  4.0
Summonings     | 5 |  5.0
Stealth        | |  2.4

Action                     |  1- 3 |  4- 6 || total
---------------------------+-------+-------++-------
  Melee: Dagger            |    41 |     4 ||    45
         Unarmed           |     2 |       ||     2
   Cast: Summon Small Mamm |    29 |     3 ||    32
         Call Imp          |    20 |     5 ||    25
         Call Canine Famil |     4 |     1 ||     5
   Stab: Sleeping          |     1 |       ||     1
 Armour: Robe              |    35 |     2 ||    37
  Dodge: Dodged            |    34 |     1 ||    35

Table legend: (Time is in decaauts)
 A = Elapsed time spent in this place.
 B = Non-inter-level travel time spent in this place.
 C = Inter-level travel time spent in this place.
 D = Time resting spent in this place.
 E = Time spent auto-exploring this place.
 F = Levels seen in this place.
 G = Mean time per level.
                   A        B        C        D        E       F      G
               +--------+--------+--------+--------+--------+-----+--------+
         Total |   2232 |   2221 |     11 |      0 |   1796 |   3 |  744.0 |
       Dungeon |   2232 |   2221 |     11 |      0 |   1796 |   3 |  744.0 |
               +--------+--------+--------+--------+--------+-----+--------+

Top non-repeatable levels by time:
     D:1: 979 daAuts
     D:2: 806 daAuts
     D:3: 446 daAuts
